 Dungeon Crawl Stone Soup version 0.21.1-1-g345015f (webtiles) character file.

337 Tallim the Gusty (level 6, -1/45 HPs)
             Began as a Draconian Air Elementalist on July 2, 2018.
             Was an Initiate of Qazlal.
             Slain by an iguana (13 damage)
             ... on level 3 of the Dungeon.
             The game lasted 00:18:11 (4080 turns).

Tallim the Gusty (Draconian Air Elementalist)       Turns: 4080, Time: 00:18:11

Health: -1/45      AC:  9    Str: 11    XL:     6   Next: 28%
Magic:  7/11       EV: 11    Int: 17    God:    Qazlal [......]
Gold:   124        SH:  0    Dex: 11    Spells: 5/12 levels left

rFire    . . .     SeeInvis .   f - +0 whip
rCold    + . .     Gourm    .   (no shield)
rNeg     . . .     Faith    .   (armour unavailable)
rPois    .         Spirit   .   h - +2 hat
rElec    .         Reflect  .   (no cloak)
rCorr    .         Harm     .   o - +0 pair of gloves
MR       .....                  (no boots)
Stlth    ++........             (no amulet)
HPRegen  0.15/turn              q - ring of protection from cold
MPRegen  0.12/turn              w - ring of stealth

@: heavily drained
A: unfitting armour, cold-blooded, AC +6
a: Renounce Religion


You were on level 3 of the Dungeon.
You worshipped Qazlal.
Qazlal was noncommittal.
You were hungry.

You visited 2 branches of the dungeon, and saw 5 of its levels.

You collected 124 gold pieces.

Inventory:

Hand Weapons
 f - a +0 whip (weapon)
 u - a cursed +0 hunting sling
Missiles
 v - 52 stones (quivered)
Armour
 h - a +2 hat (worn)
 o - a +0 pair of gloves (worn)
Jewellery
 q - a ring of protection from cold (left hand)
 r - an uncursed ring of resist corrosion
 w - a ring of stealth (right hand)
Scrolls
 d - 2 scrolls of magic mapping
 e - a scroll of enchant weapon {unknown}
 g - 3 scrolls of identify
 j - 4 scrolls of remove curse
 p - a scroll of immolation
Potions
 c - a potion of resistance {unknown}
 i - 2 potions of heal wounds {unknown}
 k - a potion of mutation {unknown}
 l - 2 potions of flight {unknown}
 m - a potion of haste {unknown}
 s - a potion of cancellation {unknown}
 t - 2 potions of curing {unknown}
 x - a potion of agility {unknown}
Books
 a - a book of Air

   Spells                             Type                      Level
   a - Shock                          Conjuration/Air              1
   b - Swiftness                      Charms/Air                   2
   c - Static Discharge               Conjuration/Air              3
   d - Airstrike                      Air                          4
   e - Lightning Bolt                 Conjuration/Air              5
 n - a book of Conjurations

   Spells                             Type                      Level
   a - Magic Dart                     Conjuration                  1
   b - Searing Ray                    Conjuration                  2
   c - Dazzling Spray                 Conjuration/Hexes            3
   d - Fulminant Prism                Conjuration/Hexes            4
   e - Force Lance                    Conjuration/Translocation    4
   f - Iskenderun's Mystic Blast      Conjuration                  4
Comestibles
 b - 5 rations
 z - 4 chunks of flesh


   Skills:
 + Level 0.5(0.0) Maces & Flails
 - Level 1.7(0.0) Dodging
 - Level 1.7(0.0) Stealth
 + Level 3.7(1.7) Spellcasting
 + Level 2.3(0.4) Conjurations
 * Level 5.6(3.5) Air Magic


You had 5 spell levels left.
You knew the following spells:

 Your Spells              Type           Power        Failure   Level  Hunger
a - Shock                 Conj/Air       #...         9%          1    ##.....
b - Swiftness             Chrm/Air       #.......     14%         2    ###....
c - Airstrike             Air            ##........   43%         4    #####..


Dungeon Overview and Level Annotations

Branches:
Dungeon (4/15)             Temple (1/1) D:4

Altars:
Elyvilon
Makhleb
Nemelex Xobeh
Qazlal
Ru
Sif Muna
Zin

Annotations:
D:2 Grinder
D:4 Edmund


Innate Abilities, Weirdness & Mutations

Your plain brown scales are hard. (AC +6)
You cannot fit into any form of body armour.
You are cold-blooded and may be slowed by cold attacks.


Message History

The iguana is moderately wounded.
The iguana misses you.
You closely miss the iguana.
The iguana is moderately wounded.
The iguana barely misses you.
You barely miss the iguana. You tail-slap the iguana.
The iguana is heavily wounded.
The iguana bites you but does no damage.
You barely miss the iguana.
The iguana is heavily wounded.
The iguana bites you.
* * * LOW HITPOINT WARNING * * *
The iguana completely misses you.
Casting: Shock
Confirm with . or Enter, or press ? or * to list all spells.
Aiming: Shock
Press: ? - help, Shift-Dir - straight line, f - iguana
Aim: an iguana (heavily wounded)
The zap misses the iguana.
The iguana bites you!
You die... ################## ...............l@# ##################

You could see an iguana.

Vanquished Creatures
  An ogre (D:4)
  2 hounds
  Natasha (thrice) (D:3)
  3 adders
  An ooze (D:1)
  3 worms
  2 dart slugs (D:2)
  A leopard gecko (D:2)
  6 orcs
  10 bats
  4 giant cockroaches
  6 goblins
  12 hobgoblins
  3 jackals
  A quokka (D:3)
  2 ball pythons
  5 frilled lizards
  6 kobolds
  6 rats
77 creatures vanquished.

Notes
Turn   | Place    | Note
-------+----------+-------------------------------------------
     0 | D:1      | Tallim the Draconian Air Elementalist began the quest for the Orb.
     0 | D:1      | Reached XP level 1. HP: 14/14 MP: 3/3
   220 | D:1      | Reached XP level 2. HP: 20/20 MP: 3/5
   406 | D:1      | Learned a level 2 spell: Swiftness
   689 | D:2      | Reached skill level 4 in Air Magic
   728 | D:2      | Reached XP level 3. HP: 26/26 MP: 1/6
  1386 | D:2      | Reached XP level 4. HP: 19/33 MP: 0/8
  1984 | D:3      | Noticed Natasha
  2068 | D:3      | Noticed Grinder
  2091 | D:2      | Paralysed by Grinder for 3 turns
  2942 | D:3      | Killed Natasha
  3034 | D:3      | Noticed Natasha
  3042 | D:3      | Killed Natasha
  3042 | D:3      | Reached skill level 5 in Air Magic
  3042 | D:3      | Reached XP level 5. HP: 35/38 MP: 0/9
  3067 | D:3      | Noticed Natasha
  3082 | D:3      | Killed Natasha
  3450 | D:3      | Found a burning altar of Makhleb.
  3675 | D:4      | Learned a level 4 spell: Airstrike
  3723 | D:4      | Noticed an ogre
  3771 | D:4      | Found a staircase to the Ecumenical Temple.
  3780 | Temple   | Entered the Ecumenical Temple
  3811 | Temple   | Became a worshipper of Qazlal Stormbringer
  3885 | D:4      | Killed an ogre
  3885 | D:4      | Reached XP level 6. HP: 45/45 MP: 3/11
  3996 | D:4      | Noticed Edmund
  4080 | D:3      | Slain by an iguana

Skill      XL: |  1  2  3  4  5 |
---------------+----------------+-----
Air Magic      | 4 5 |  5.6
Spellcasting   | 3 |  3.7
Conjurations   | 2 |  2.3
Maces & Flails | |  0.5
Dodging        | |  1.7
Stealth        | |  1.7

Action                   |  1- 3 |  4- 6 || total
-------------------------+-------+-------++-------
Melee: Unarmed           |    41 |       ||    41
       Tailslap          |     5 |     5 ||    10
       Whip              |    29 |    58 ||    87
 Cast: Shock             |    82 |   131 ||   213
  Use: Scroll            |       |     5 ||     5
  Eat: Chunk             |     2 |     2 ||     4
       Ration            |       |     2 ||     2
Armor: Skin              |    32 |    25 ||    57
Dodge: Dodged            |    50 |    66 ||   116
